 Dungeon Crawl Stone Soup version 0.16.2-12-gd0ad4c3 (webtiles) character file.

108 faibistes the Ogre Mage (level 4, -1/45 HPs)
             Began as an Ogre Warper on Dec 9, 2017.
             Slain by an ogre
             ... wielding a +0 giant club
              (16 damage)
             ... on level 2 of the Dungeon.
             The game lasted 00:06:49 (2809 turns).

faibistes the Ogre Mage (Ogre Warper)               Turns: 2809, Time: 00:06:50

Health: -1/45      AC:  3    Str: 16    XL:     4   Next: 87%
Magic:  5/9        EV: 15    Int: 13    God:
Gold:   59         SH:  0    Dex: 14    Spells: 4 memorised, 1 level left

rFire  . . .     SeeInvis .     a - +0 mace
rCold  . . .     Clarity  .     b - +0 robe
rNeg   . . .     SustAb   .     (shield restricted)
rPois  .         Gourm    .     (helmet restricted)
rElec  .         Spirit   .     (no cloak)
rCorr  .         Warding  .     (gloves unavailable)
rMut   .         Stasis   .     (boots unavailable)
MR     .....                    (no amulet)
Stlth  ++........               (no ring)
                                (no ring)

@: agile, lethally poisoned (-1 -> -2), flying, not resistant to hostile
enchantments, unstealthy
A: unfitting armour, tough skin 1
a: no special abilities


You were on level 2 of the Dungeon.
You were very hungry.

You visited 1 branch of the dungeon, and saw 4 of its levels.

You collected 59 gold pieces.

Inventory:

Hand weapons
 a - a +0 mace (weapon)
Missiles
 e - 5 tomahawks of dispersal
 k - 56 stones (quivered)
 s - 3 tomahawks
Armour
 b - a +0 robe (worn)
Scrolls
 d - a scroll of blinking
 m - a scroll of remove curse
Potions
 j - a potion of might {unknown}
 n - a potion of cancellation
 q - a potion of flight
 w - a potion of resistance {unknown}
Books
 c - a book of Spatial Translocations

   Spells                             Type                      Level
   a - Apportation                    Translocation                1
   b - Blink                          Translocation                2
   c - Shroud of Golubria             Charms/Translocation         2
   d - Portal Projectile              Translocation                3
   e - Teleport Other                 Translocation                3
   f - Passage of Golubria            Translocation                4
Comestibles
 f - a meat ration
 o - a beef jerky
 t - a slice of pizza
 u - 4 fruits


   Skills:
 * Level 3.2 Fighting
 * Level 3.3 Maces & Flails
 * Level 2.6 Throwing
 + Level 1.5 Armour
 - Level 1.7 Dodging
 * Level 3.3 Spellcasting
 * Level 2.4 Translocations


You had one spell level left.
You knew the following spells:

 Your Spells              Type           Power        Failure   Level  Hunger
a - Apportation           Tloc           #.........   10%         1    #......
b - Teleport Other        Tloc           #.......     28%         3    ###....
c - Shroud of Golubria    Chrm/Tloc      #.........   21%         2    ##.....
d - Blink                 Tloc           N/A          14%         2    ##.....


Dungeon Overview and Level Annotations

Branches:
Dungeon (4/15)
 Temple: D:4-7

Altars:
Makhleb
Xom


Innate Abilities, Weirdness & Mutations

You are too large for most types of armour.
You have tough skin (AC +1).


Message History

It was a potion of heal wounds.
You feel much better. The giant cockroach barely misses you.
The giant cockroach bites you.
Casting: Shroud of Golubria
Confirm with . or Enter, or press ? or * to list all spells.
Space distorts slightly along a thin shroud covering your body.
The giant cockroach bites you but does no damage.
You hit the giant cockroach.
You kill the giant cockroach!
You feel sick. The bat misses you.
You hit the bat.
You kill the bat!
You barely miss the ogre. The ogre hits you with a giant club!!
Your shroud falls apart!
You hit the ogre.
The ogre is moderately wounded.
You feel sick. The ogre barely misses you.
You sock the ogre!
The ogre is severely wounded.
The ogre hits you with a giant club!
You die...

######### ####### #.......#
#.....# #.#.###.#
#.....####..#.##.#####
######.....@O...###.......#
###..........##....#.##.###.#
#............#....)>###.# #.#
#.#.##.#.#.####....)....# #.#
#.#.##.#.#.# ##.######## #.#
#.#.#..#.#.# #.# #.#
#.#.#.##.#.# #.# ###.##
#.#........# ##'## #.....
#........### ##...## #.#.##


You could see an ogre.

Vanquished Creatures
  4 adders
  2 giant mites
  A worm (D:3)
  2 oozes (D:1)
  An orc (D:3)
  2 giant cockroaches
  5 goblins
  11 hobgoblins
  4 jackals (D:2)
  A ball python (D:1)
  4 bats (D:2)
  A giant gecko (D:1)
  3 giant newts
  3 kobolds (D:2)
  7 rats
51 creatures vanquished.

Notes
Turn   | Place    | Note
--------------------------------------------------------------
     0 | D:1      | faibistes, the Ogre Warper, began the quest for the Orb.
     0 | D:1      | Reached XP level 1. HP: 22/22 MP: 3/3
   277 | D:2      | Reached XP level 2. HP: 26/29 MP: 5/5
   288 | D:2      | Learned a level 2 spell: Blink
   291 | D:2      | Learned a level 2 spell: Shroud of Golubria
   623 | D:1      | Reached skill level 1 in Armour
   634 | D:2      | Reached skill level 3 in Fighting
   634 | D:2      | Reached XP level 3. HP: 29/37 MP: 3/6
  1539 | D:2      | Found a burning altar of Makhleb.
  1664 | D:2      | Found a shimmering altar of Xom.
  2143 | D:2      | Reached XP level 4. HP: 45/45 MP: 9/9
  2152 | D:2      | Learned a level 3 spell: Teleport Other
  2533 | D:4      | Noticed an ogre
  2809 | D:2      | Slain by an ogre

Action                   |  1- 3 |  4- 6 || total
-------------------------+-------+-------++-------
Melee: Mace              |   124 |    63 ||   187
Throw: Stone             |       |     9 ||     9
 Cast: Shroud of Golubri |     5 |    10 ||    15
       Blink             |       |     1 ||     1
  Use: Scroll            |       |     5 ||     5
       Potion            |       |     4 ||     4
 Stab: Sleeping          |     1 |       ||     1
  Eat: Chunk             |     4 |     2 ||     6
